Map: Frost LE

Players

Cyan - Winner!

  • Race: Protoss Protoss

Kelazhur

  • Race: Terran Terran

Event: WCS Copa Intercontinental

VOD

Have the link to the VOD?

Description

Time

  • Played on: Sept. 10, 2016, 12:56 p.m.
  • Length: 9:34

All games in this series

Show
View Real Time Build Order
Export as new Build Order

Cyan Protoss - Winner!

Build Orders: 1 Gate Expand, Blink Stalkers 

Get SALT Encoding   

  12  0:01  Probe (Chrono Boost)  
  13  0:11  Probe (Chrono Boost)  
  14  0:18  Pylon  
  14  0:22  Probe (Chrono Boost)  
  15  0:36  Probe (Chrono Boost), Gateway  
  16  0:43  Assimilator  
  16  0:47  Probe (Chrono Boost)  
  17  0:57  Probe (Chrono Boost)  
  18  1:08  Probe (Chrono Boost)  
  19  1:20  Nexus  
  19  1:22  Probe (Chrono Boost)  
  20  1:34  Cybernetics Core  
  20  1:36  Probe (Chrono Boost)  
  21  1:40  Assimilator  
  21  1:46  Probe (Chrono Boost)  
  22  1:51  Pylon  
  22  1:57  Probe (Chrono Boost)  
  23  2:07  Adept  
  23  2:11  Warp Gate, Probe (Chrono Boost)  
  28  2:24  Mothership Core (Chrono Boost)  
  28  2:33  Robotics Facility  
  28  2:34  Probe (Chrono Boost)  
  29  2:42  Probe (Chrono Boost)  
  30  2:45  Probe (Chrono Boost)  
  31  2:52  Twilight Council  
  31  2:53  Probe (Chrono Boost)  
  31  2:55  Probe (Chrono Boost)  
  33  3:03  Probe (Chrono Boost)  
  34  3:06  Probe (Chrono Boost)  
  34  3:14  Probe (Chrono Boost)  
  34  3:17  Gateway  
  34  3:18  Blink  
  34  3:19  Probe (Chrono Boost)  
  36  3:22  Observer, Gateway  
  38  3:27  Probe (Chrono Boost)  
  38  3:31  Probe (Chrono Boost)  
  39  3:36  Assimilator  
  39  3:39  Probe (Chrono Boost)  
  40  3:41  Pylon  
  40  3:44  Probe (Chrono Boost)  
  40  3:45  Observer  
  42  3:51  Probe (Chrono Boost)  
  42  3:55  Pylon  
  44  3:56  Probe (Chrono Boost)  
  45  4:03  Probe (Chrono Boost)  
  45  4:05  Observer  
  45  4:08  Probe (Chrono Boost)  
  47  4:13  Stalker  
  47  4:15  Stalker, Probe (Chrono Boost)  
  52  4:23  Probe (Chrono Boost)  
  53  4:26  Nexus  
  53  4:35  Probe (Chrono Boost)  
  53  4:40  Probe (Chrono Boost)  
  53  4:41  Stalker x2  
  53  4:44  Stalker  
  58  4:49  Pylon  
  58  4:51  Probe (Chrono Boost)  
  59  4:53  Warp Prism  
  59  4:54  Probe (Chrono Boost)  
  62  5:07  Pylon  
  62  5:08  Stalker  
  62  5:09  Probe (Chrono Boost)  
  62  5:13  Stalker  
  67  5:16  Probe (Chrono Boost)  
  68  5:21  Probe (Chrono Boost)  
  65  5:28  Stalker  
  65  5:29  Probe (Chrono Boost)  
  65  5:33  Probe (Chrono Boost)  
  68  5:40  Pylon  
  68  5:41  Probe (Chrono Boost)  
  69  5:46  Probe x2 (Chrono Boost)  
  69  5:47  Resonating Glaives  
  69  5:49  Stalker x2  
  75  5:52  Stalker  
  75  5:55  Probe (Chrono Boost)  
  79  5:58  Probe (Chrono Boost)  
  79  6:02  Gateway  
  79  6:06  Gateway  
  79  6:10  Probe (Chrono Boost), Immortal  
  80  6:16  Probe (Chrono Boost)  
  80  6:17  Probe (Chrono Boost)  
  86  6:22  Probe (Chrono Boost)  
  87  6:26  Probe (Chrono Boost)  
  88  6:34  Adept x3  
  92  6:40  Gateway  
  92  6:43  Gateway  
  92  6:44  Gateway  
  92  6:45  Pylon  
  92  6:46  Immortal  
  92  6:48  Forge  
  96  7:04  Sentry x3  
  96  7:08  Stalker  
  104  7:11  Protoss Ground Weapons Level 1  
  104  7:13  Pylon  
  104  7:15  Pylon  
  96  7:16  Pylon  
  96  7:17  Stalker  
  96  7:18  Pylon  
  96  7:21  Warp Prism  
  98  7:24  Pylon  
  103  7:31  Probe x3 (Chrono Boost), Adept  
  103  7:32  Adept x3  
  111  7:41  Adept x4  
  111  7:43  Probe x2 (Chrono Boost)  
  122  7:45  Probe (Chrono Boost)  
  122  7:54  Adept x4  
  130  8:03  Probe (Chrono Boost)  
  106  8:14  Stalker  
  106  8:15  Stalker x5  
  106  8:19  Probe (Chrono Boost)  
  119  8:22  Immortal  
  119  8:25  Assimilator  
  119  8:28  Assimilator  
  123  8:38  Adept x4  
  123  8:40  Adept  
  133  8:53  Adept x3  
  135  9:00  Adept x4  
  123  9:18  Stalker x3  
Show
View Real Time Build Order
Export as new Build Order

Kelazhur Terran 

Build Orders: Liberator Opening, Reaper Expand, MMM Bio 

Get SALT Encoding   

  12  0:00  SCV  
  13  0:12  SCV  
  14  0:18  Supply Depot  
  14  0:25  SCV  
  15  0:28  Refinery  
  15  0:39  SCV  
  16  0:45  Barracks  
  16  0:52  SCV  
  17  1:04  SCV  
  18  1:16  SCV  
  19  1:32  Orbital Command, Reaper  
  20  1:44  Command Center  
  20  1:54  Factory  
  20  1:58  SCV  
  21  2:05  Supply Depot  
  21  2:07  Barracks Reactor  
  21  2:11  SCV  
  22  2:16  Refinery  
  22  2:23  SCV  
  23  2:35  SCV  
  24  2:42  Starport  
  24  2:43  Marine x2  
  26  2:47  SCV, Widow Mine  
  29  2:57  Orbital Command  
  29  2:59  SCV  
  29  3:01  Marine x2  
  32  3:11  SCV  
  33  3:16  Widow Mine  
  33  3:19  Medivac, Marine x2  
  39  3:26  SCV  
  39  3:27  SCV, Supply Depot  
  39  3:32  Liberator  
  40  3:38  SCV  
  40  3:39  SCV  
  40  3:41  Marine x2  
  42  3:43  Supply Depot  
  42  3:45  Factory Tech Lab  
  44  3:50  SCV  
  44  3:53  SCV  
  49  4:00  Barracks  
  49  4:01  Marine x2  
  51  4:03  SCV  
  51  4:05  SCV  
  51  4:09  Siege Tank  
  56  4:13  Supply Depot  
  56  4:15  SCV  
  57  4:17  SCV  
  57  4:23  Marine x2, Engineering Bay  
  60  4:27  SCV  
  61  4:34  SCV  
  59  4:39  SCV  
  59  4:40  Marine x2  
  62  4:46  Siege Tank  
  62  4:47  Medivac  
  62  4:51  SCV  
  67  4:55  SCV  
  68  5:01  Supply Depot  
  68  5:02  Marine  
  68  5:03  Barracks Tech Lab  
  68  5:04  Marine  
  70  5:10  Command Center  
  70  5:16  Supply Depot  
  70  5:18  Supply Depot  
  70  5:23  SCV x2  
  70  5:26  Marine x3  
  70  5:27  Starport Reactor, Stimpack  
  72  5:29  Refinery  
  72  5:30  Refinery  
  72  5:35  SCV x2  
  70  5:43  Marine  
  70  5:44  Marine x2  
  70  5:46  Siege Tank  
  70  5:47  SCV x2  
  78  5:52  Barracks  
  78  5:59  SCV  
  78  6:01  Marine x2  
  78  6:02  Marauder  
  83  6:06  SCV  
  83  6:07  Missile Turret  
  84  6:11  Terran Infantry Weapons Level 1  
  84  6:12  SCV  
  84  6:13  Barracks  
  84  6:14  Barracks  
  84  6:18  SCV  
  85  6:25  SCV  
  85  6:31  Marine x2  
  85  6:32  Marauder  
  89  6:33  SCV  
  90  6:40  Medivac x2, Missile Turret  
  90  6:42  Barracks Tech Lab  
  90  6:45  SCV, Orbital Command  
  95  6:49  SCV  
  95  6:53  Factory Reactor, Missile Turret  
  96  6:58  SCV  
  96  7:00  Marine x2, Marauder  
  98  7:02  SCV, Combat Shields  
  98  7:10  SCV, Barracks Tech Lab, Barracks Reactor  
  98  7:11  Marauder  
  98  7:14  SCV  
  102  7:16  SCV  
  102  7:19  Marine x2  
  102  7:21  Marauder  
  102  7:22  SCV  
  108  7:23  Armory  
  108  7:26  SCV, Engineering Bay, Refinery  
  108  7:27  Refinery  
  109  7:33  Concussive Shells  
  109  7:40  Supply Depot  
  109  7:45  Liberator  
  109  7:50  Supply Depot  
  109  7:51  Marine  
  109  7:55  Liberator  
  109  8:02  SCV x2, Marine x2, Marauder x2  
  109  8:03  SCV  
  111  8:07  Marine x2  
  111  8:10  Marauder  
  90  8:13  Widow Mine  
  90  8:14  Widow Mine  
  90  8:17  SCV x3  
  90  8:19  Marine  
  92  8:21  Marine  
  92  8:24  Marauder x2  
  98  8:27  Marine  
  98  8:28  Marine  
  98  8:31  Marauder  
  98  8:34  SCV x3  
  105  8:37  Marine  
  105  8:39  Marine  
  103  8:45  Medivac, Marine x2, Marauder x2  
  103  8:46  SCV  
  105  8:53  Marauder  
  105  8:55  Medivac, Marine  
  93  8:57  Marine  
  89  9:03  Marine x2  
  89  9:06  Marauder x2  
  78  9:13  Marine x2  
  78  9:15  Marine  
Tags
 
Add a new tag
Caveats
  • Supply blocks, unpowered buildings, or Contaminate may cause inaccurate times.
  • Supply counts are checked every 10 seconds.